 Dungeon Sprint DCSS version 0.27.1-34-g3ba077fa99 (webtiles) character file.

Game seed: 12577065066672479191

809583 Arum the Conqueror (level 27, -7/249 HPs)
             Began as a Formicid Fighter on Jan 16, 2022.
             Was the Champion of the Shining One.
             Killed from afar by Lom Lobon (29 damage)
             ... with a great icy blast
             ... in the Dungeon (Sprint IX: "|||||||||||||||||||||||||||||").
             The game lasted 00:58:12 (23149 turns).

Arum the Conqueror (Formicid Fighter)              Turns: 23149, Time: 00:58:13

Health: -7/249     AC: 41    Str: 37      XL:     27
Magic:  0/48       EV: 20    Int: 22      God:    the Shining One [******]
Gold:   3353       SH: 47    Dex: 14 (17) Spells: 70/80 levels left

rFire    + + +     SeeInvis +   I - +18 lance "Wyrmbane" {slay drac, rPois rF+ rC+ AC+3}
rCold    + + +     Faith    .   c - +1 tower shield {rF+}
rNeg     + + +     Spirit   +   P - +8 gold dragon scales
rPois    +         Reflect  .   (helmet unavailable)
rElec    .         Harm     .   B - +0 cloak {Will+}
rCorr    +         Rampage  .   k - +2 pair of gloves of Cynicism {rF++ Str+2 Dex-2 Stlth+}
Will     ++++.                  m - +1 pair of boots "Sooz" {rN+ Str-4 Dex+9}
Stlth    ++........             t - amulet of Fizuriquc {Spirit rC+ Str+6 Int+8 Dex-2}
HPRegen  0.51/turn              M - ring "Kextuof" {rF- rCorr Str+2 Int+3 Slay+3}
MPRegen  0.31/turn              w - ring of willpower

@: divinely shielded, frozen, glowing, very slow
A: permanent stasis, dig shafts and tunnels, antennae 3, four strong arms, fangs
1, agile 1, cold resistance 1, deformed body, deterioration 1, low mp 1,
MP-powered wands
}: 11/17 runes: decaying, serpentine, barnacled, slimy, elven, silver, golden,
iron, abyssal, dark, gossamer
a: Dig, Renounce Religion, Divine Shield, Cleansing Flame, Summon Divine
Warrior, Brand Weapon With Holy Wrath


You were in the Dungeon.
You worshipped the Shining One.
The Shining One was exalted by your worship.
You visited 1 branch You collected 3916 gold pieces.
You spent 563 gold pieces at shops.

Inventory:

Hand Weapons
 a - a +9 quarterstaff of speed
 u - the +7 war axe "Zalinec" {holy, rC+ rN+ Str-4}
   (You bought it in a shop in the Dungeon)

   It has been blessed by the Shining One to cause great damage to the undead
   and demons.
   Str:       It affects your strength (-4).
   rC:        It protects you from cold.
   rN:        It protects you from negative energy.
 v - the +1 quarterstaff of Cowardice {vorpal, +Rage Str+3 Stlth+}
   (Okawaru gifted it to you in the Dungeon)

   It inflicts extra damage upon your enemies.
   Str:       It affects your strength (+3).
   +Rage:     It lets you go berserk.
   Stlth:     It makes you more stealthy.
 I - the +18 lance "Wyrmbane" (weapon) {slay drac, rPois rF+ rC+ AC+3}
   (You took it off Margery in the Dungeon)

   It inflicts extra damage against dragons and draconians.
   AC:        It affects your AC (+3).
   rF:        It protects you from fire.
   rC:        It protects you from cold.
   rPois:     It protects you from poison.
 N - the +6 sword of Cerebov {flame}
   (You took it off Cerebov in the Dungeon)

   It burns those it strikes, dealing additional fire damage.
   Big, fiery blades are also staple armaments of hydra-hunters.
   It temporarily reduces the fire resistance of those it strikes.
   The Shining One disapproves of the use of such an item.
Missiles
 l - 4 javelins
 s - 5 throwing nets
 A - 16 silver javelins (quivered)
Armour
 c - a +1 tower shield of fire resistance (worn)
 k - the +2 pair of gloves of Cynicism (worn) {rF++ Str+2 Dex-2 Stlth+}
   (Okawaru gifted it to you in the Dungeon)

   Str:       It affects your strength (+2).
   Dex:       It affects your dexterity (-2).
   rF:        It greatly protects you from fire.
   Stlth:     It makes you more stealthy.
 m - the +1 pair of boots "Sooz" (worn) {rN+ Str-4 Dex+9}
   (Okawaru gifted it to you in the Dungeon)

   Str:       It affects your strength (-4).
   Dex:       It affects your dexterity (+9).
   rN:        It protects you from negative energy.
 o - the +10 plate armour of Agiwk {MP+9}
   (You found it in the Dungeon)

   MP:        It affects your magic capacity (+9).
 B - a +0 cloak of willpower (worn)
 D - a scarf of repulsion
 O - the +3 shadow dragon scales "Nisozuz" {-Cast +Inv rF+++ Regen+ Stlth++++}
   (You found it in the Dungeon)

   rF:        It renders you almost immune to fire.
   +Inv:      It lets you turn invisible.
   -Cast:     It prevents spellcasting.
   Regen:     It increases your rate of health regeneration.
   Stlth:     It makes you much more stealthy.
 P - +8 gold dragon scales (worn)
Jewellery
 n - a ring of willpower
 t - the amulet of Fizuriquc (around neck) {Spirit rC+ Str+6 Int+8 Dex-2}
   (You found it in the Dungeon)

   [amulet of guardian spirit]

   It causes incoming damage to be divided between your reserves of health and
   magic.
   Str:       It affects your strength (+6).
   Int:       It affects your intelligence (+8).
   Dex:       It affects your dexterity (-2).
   rC:        It protects you from cold.
 w - a ring of willpower (right hand)
 x - a ring of fire
 z - a +3 ring of dexterity
 C - the amulet of Ewirer {Faith rF++}
   (You found it in the Dungeon)

   [amulet of faith]

   It allows you to gain divine favour quickly.
   rF:        It greatly protects you from fire.
 M - the ring "Kextuof" (left hand) {rF- rCorr Str+2 Int+3 Slay+3}
   (You found it in the Dungeon)

   [ring of slaying]

   Str:       It affects your strength (+2).
   Int:       It affects your intelligence (+3).
   Slay:      It affects your accuracy & damage with ranged weapons and melee
   (+3).
   rF:        It makes you vulnerable to fire.
   rCorr:     It protects you from acid and corrosion.
 V - the ring of Maoqath {rC++ SInv}
   (You found it in the Dungeon)

   [ring of see invisible]

   rC:        It greatly protects you from cold.
   SInv:      It lets you see invisible.
 W - the ring "Zioch" {rElec rPois rC+ Dex+2 Stlth+}
   (You found it in the Dungeon)

   [ring of poison resistance]

   Dex:       It affects your dexterity (+2).
   rC:        It protects you from cold.
   rElec:     It insulates you from electricity.
   rPois:     It protects you from poison.
   Stlth:     It makes you more stealthy.
 X - the ring "Kextuof" {rF- rCorr Str+2 Int+3 Slay+3}
   (You found it in the Dungeon)

   [ring of slaying]

   Str:       It affects your strength (+2).
   Int:       It affects your intelligence (+3).
   Slay:      It affects your accuracy & damage with ranged weapons and melee
   (+3).
   rF:        It makes you vulnerable to fire.
   rCorr:     It protects you from acid and corrosion.
 Y - the amulet "Zecryfri" {Acrobat +Blink Regen+ Str+3}
   (You found it in the Dungeon)

   [amulet of the acrobat]

   It increases your evasion while moving and waiting.
   Str:       It affects your strength (+3).
   +Blink:    It lets you blink.
   Regen:     It increases your rate of health regeneration.
Wands
 J - a wand of acid (8)
Scrolls
 i - 4 scrolls of amnesia
 j - 6 scrolls of vulnerability
 p - 4 scrolls of fear
 r - 13 scrolls of identify
 y - 3 scrolls of fog
 F - 17 scrolls of enchant weapon
 K - 2 scrolls of enchant armour
Potions
 b - a potion of brilliance {unknown}
 d - 8 potions of might
 e - 2 potions of invisibility
 f - 30 potions of heal wounds
 g - 23 potions of magic
 h - 20 potions of curing
 q - a potion of attraction
 G - 3 potions of lignification
 L - 2 potions of degeneration {unknown}
Miscellaneous
 E - the horn of Geryon
 H - a tin of tremorstones (2/2)


   Skills:
 O Level 27 Fighting
 O Level 27 Axes
 O Level 27 Maces & Flails
 O Level 27 Polearms
 O Level 27 Staves
 O Level 27 Slings
 O Level 27 Crossbows
 O Level 27 Throwing
 O Level 27 Armour
 O Level 27 Dodging
 O Level 27 Stealth
 O Level 27 Shields
 O Level 27 Unarmed Combat
 O Level 27 Spellcasting
 + Level 22.9 Conjurations
 O Level 27 Hexes
 + Level 26.0 Summonings
 O Level 27 Invocations
 O Level 27 Evocations


You had 70 spell levels left.
You knew the following spells:

 Your Spells              Type           Power      Damage    Failure   Level
a - Summon Guardian Gole  Hex/Summ       98%        N/A       0%          3
b - Orb of Destruction    Conj           46%        9d15      1%          7

Your spell library contained the following spells:

 Spells                   Type           Power      Damage    Failure   Level
 Conjure Flame            Conj/Fire      69%        6-21      1%          3
 Sticky Flame             Conj/Fire      69%        2d8       1%          4
 Spellforged Servitor     Conj/Summ      47%        N/A       1%          7
 Ignite Poison            Fire/Tmut/Pois 29%        N/A       12%         3


Dungeon Overview and Level Annotations

Branches:
Dungeon (1/1)

Altars:
Cheibriados
Dithmenos
Elyvilon
Fedhas
Gozag
Hepliaklqana
Kikubaaqudgha
Makhleb
Nemelex Xobeh
Okawaru
Qazlal
Ru
Sif Muna
Trog
Uskayaw
Vehumet
Wu Jian
Xom
Yredelemnul
Zin
The Shining One
Beogh
Jiyva
Lugonu

Shops:
D !((*

Annotations:
D Lom Lobon


Innate Abilities, Weirdness & Mutations

You cannot be hasted, slowed, berserked, paralysed or teleported.
You can dig through walls and to a lower floor.
You have a pair of large antennae on your head. (SInv)
Your four strong arms can wield two-handed weapons with a shield.
You have very sharp teeth.
You are agile. (Dex +2)
Your flesh is cold resistant. (rC+)
Armour fits poorly on your strangely shaped body.
Your body sometimes deteriorates upon taking damage.
Your magical capacity is low. (-10% MP)
You expend magic power (3 MP) to strengthen your wands.


Message History

Lom Lobon gestures.
Lom Lobon is healed.
You skewer Lom Lobon like a kebab!!!
Lom Lobon is moderately wounded.
You are engulfed in freezing vapours.
You resist.
* * * LOW HITPOINT WARNING * * *
You miss Lom Lobon.
Lom Lobon is moderately wounded.
You block Lom Lobon's attack.
You puncture Lom Lobon!
Lom Lobon is moderately wounded.
You impale Lom Lobon!!
Lom Lobon is moderately wounded.
You block Lom Lobon's attack.
You impale Lom Lobon!!
Lom Lobon is heavily wounded.
You impale Lom Lobon!!
Lom Lobon is heavily wounded.
You block Lom Lobon's attack.
You skewer Lom Lobon like a kebab!!! Your bite misses Lom Lobon.
Lom Lobon is severely wounded.
You hit Lom Lobon. You bite Lom Lobon!
Lom Lobon is severely wounded.
Lom Lobon is no longer covered in acid.
Lom Lobon gestures at you.
Lom Lobon conjures a mighty blast of ice!
The great icy blast engulfs you!! You partially resist.
* * * LOW HITPOINT WARNING * * *
You are encased in ice.
You puncture Lom Lobon! Your bite misses Lom Lobon.
Lom Lobon is severely wounded.
You are engulfed in freezing vapours.
You resist.
You impale Lom Lobon!! Your bite misses Lom Lobon.
Lom Lobon is severely wounded.
You are engulfed in freezing vapours.
You resist.
* * * LOW HITPOINT WARNING * * *
Lom Lobon gestures at you.
Lom Lobon conjures a mighty blast of ice!
The great icy blast engulfs you!! You partially resist.
You die...

▓▓▓▓▓▓▓▓▓▓▓▓▓▓▓▓▓▓▓▓▓▓▓▓▓▓▓▓▓▓▓▓▓
..φ..(.....)'.§§@&§°°§...........
▓▓▓▓▓▓▓▓▓▓▓▓▓▓▓▓▓▓▓▓▓▓▓▓▓▓▓▓▓▓▓▓▓
.................................
▓▓▓▓▓▓▓▓▓▓▓▓▓▓▓▓▓▓▓▓▓▓▓▓▓▓▓▓▓▓▓▓▓
........'.........'.........'....
▓▓▓▓▓▓▓▓▓▓▓▓▓▓▓▓▓▓▓▓▓▓▓▓▓▓▓▓▓▓▓▓▓
.................................
▓▓▓▓▓▓▓▓▓▓▓▓▓▓▓▓▓▓▓▓▓▓▓▓▓▓▓▓▓▓▓♣♣
...............'.....)..)..).))..


You could see Lom Lobon (gusty).

Vanquished Creatures
  Cerebov (D)
  Antaeus (D)
  the Royal Jelly (D)
  Ereshkigal (D)
  Gloorx Vloq (D)
  Dispater (D)
  4 orbs of fire (D)
  4 ancient liches (D)
  Mara (twice) (D)
  4 royal mummies (D)
  Sojobo (thrice) (D)
  Margery (thrice) (D)
  Frederick (thrice) (D)
  Saint Roka (twice) (D)
  Nikola (twice) (D)
  Geryon (D)
  6 golden dragons (D)
  Jory (thrice) (D)
  4 electric golems (D)
  3 liches (D)
  Rupert (twice) (D)
  18 tentacled monstrosities (D)
  8 deep elf blademasters (D)
  3 deep elf master archers (D)
  53 Orb Guardians (D)
  11 titans (D)
  3 quicksilver dragons (D)
  10 acid blobs (D)
  6 death cobs (D)
  Kirke (thrice) (D)
  14 sphinxes (D)
  5 storm dragons (D)
  Gastronok (twice) (D)
  27 shadow dragons (D)
  6 draconian monks (D)
  3 fire giants (D)
  11 tengu reavers (D)
  8 azure jellies (D)
  Ilsuiw (thrice) (D)
  14 nagarajas (D)
  6 draconian knights (D)
  13 frost giants (D)
  9 vault wardens (D)
  3 rockslimes (D)
  3 iron dragons (D)
  2 orc warlords (D)
  A ghost moth (shapeshifter) (D)
  2 deep elf sorcerers (D)
  8 ghost moths (D)
  6 draconian scorchers (D)
  15 emperor scorpions (D)
  6 draconian shifters (D)
  6 quicksilver oozes (D)
  4 draconian stormcallers (D)
  13 stone giants (D)
  4 green draconians (D)
  6 ironbound preservers (D)
  7 very ugly things (D)
  Nessos (twice) (D)
  12 vampire knights (D)
  6 white draconians (D)
  6 purple draconians (D)
  6 black draconians (D)
  3 deep elf demonologists (D)
  2 bunyips (D)
  2 deep elf annihilators (D)
  2 dire elephants (D)
  Azrael (twice) (D)
  7 yellow draconians (D)
  2 entropy weavers (D)
  19 red draconians (D)
  2 spark wasps (D)
  2 ettins (D)
  8 merfolk impalers (D)
  26 fire dragons (D)
  A mummy priest (D)
  A deep elf high priest (D)
  3 deep elf death magi (D)
  6 ironbound thunderhulks (D)
  2 shambling mangroves (D)
  14 naga warriors (D)
  2 boulder beetles (D)
  78 vault guards (D)
  16 hydras (D)
  14 ice dragons (D)
  6 great orbs of eyes (D)
  2 ghost crabs (D)
  9 merfolk avatars (D)
  4 centaur warriors (D)
  2 alligators (D)
  16 two-headed ogres (D)
  Erica (twice) (D)
  2 ironbound frosthearts (D)
  2 ogre magi (D)
  2 two-headed ogres (shapeshifter) (D)
  2 vampire magi (D)
  12 merfolk aquamancers (D)
  2 deep troll shamans (D)
  2 naga sharpshooters (D)
  2 spriggan berserkers (D)
  4 tengu warriors (D)
  A thrashing horror (D)
  6 hell knights (D)
  2 shock serpents (D)
  5 deep elf knights (D)
  A wretched star (D)
  A goliath frog (D)
  A spriggan druid (D)
  2 glowing orange brains (D)
  2 sea snakes (D)
  2 flayed ghosts (D)
  13 orc knights (D)
  21 swamp dragons (D)
  3 ironbound convokers (D)
  2 naga ritualists (D)
  3 deep elf archers (D)
  3 harpies (D)
  13 necromancers (D)
  8 wizards (D)
  4 ugly things (D)
  A shining eye (shapeshifter) (D)
  5 wolf spiders (D)
  2 mana vipers (D)
  4 orb spiders (D)
  18 moths of wrath (D)
  6 manticores (D)
  10 black mambas (D)
  2 will-o-the-wisps (D)
  3 guardian serpents (D)
  16 elephants (D)
  A black mamba (shapeshifter) (D)
  A smoke demon (D)
  6 cane toads (D)
  6 vault sentinels (D)
  5 naga magi (D)
  An orange demon (D)
  2 kobold demonologists (D)
  Psyche (twice) (D)
  2 rime drakes (D)
  2 yaktaurs (D)
  4 tengu conjurers (D)
  6 demonic crawlers (D)
  2 ancient zymes (D)
  4 komodo dragons (D)
  24 guardian mummies (D)
  4 polar bears (D)
  13 merfolk (D)
  2 trolls (D)
  A wandering mushroom (D)
  9 jumping spiders (D)
  A bloated husk (D)
  A tyrant leech (shapeshifter) (D)
  7 hornets (D)
  2 wind drakes (D)
  2 blink frogs (D)
  A large abomination (D)
  A raiju (D)
  4 snapping turtles (D)
  12 spriggans (D)
  2 vampires (D)
  3 redbacks (D)
  4 tarantellas (D)
  6 yaks (D)
  8 fire elementals (D)
  2 wyverns (D)
  3 humans (D)
  3 hogs (D)
  2 basilisks (D)
  2 wargs (D)
  6 nagas (D)
  2 water moccasins (D)
  2 acid dragons (D)
  2 hell hounds (D)
  26 orc warriors (D)
  3 swamp drakes (D)
  10 ogres (D)
  2 centaurs (D)
  2 bullfrogs (D)
  2 small abominations (D)
  2 gnoll sergeants (D)
  2 jellies (D)
  8 orc priests (D)
  2 orc wizards (D)
  2 adders (D)
  2 ufetubi (D)
  2 adder zombies (D)
  18 orcs (D)
  2 bat zombies (D)
  2 endoplasms (D)
  6 hobgoblins (D)
  2 ball python skeletons (D)
  2 rats (D)
  3 ball lightnings (D)
  A block of ice (D)
1127 creatures vanquished.

Vanquished Creatures (others)
  Kirke (D)
  A shadow dragon (D)
  A tengu reaver (D)
  A fire dragon (D)
  A naga warrior (D)
  An alligator (D)
  A spriggan (D)
  A goliath frog (D)
  A spriggan druid (D)
  2 wizards (D)
  A bloated husk (D)
  2 hornets (D)
  9 humans (D)
  A hog (D)
  An acid dragon (D)
  2 ball lightnings (D)
  2 foxfires (D)
29 creatures vanquished.

Grand Total: 1156 creatures vanquished

Notes
Turn   | Place    | Note
-------+----------+-------------------------------------------
     0 | D        | Arum the Formicid Fighter began the quest for the Orb.
     0 | D        | Reached XP level 1. HP: 18/18 MP: 1/1
    14 | D        | Reached XP level 2. HP: 20/25 MP: 2/2
    72 | D        | Noticed a water moccasin
    81 | D        | Killed a water moccasin
    82 | D        | Reached skill level 5 in Staves
    82 | D        | Reached XP level 3. HP: 23/34 MP: 3/3
    82 | D        | Reached XP level 4. HP: 28/40 MP: 4/4
    82 | D        | Reached XP level 5. HP: 32/46 MP: 5/5
   205 | D        | Found a snail-covered altar of Cheibriados.
   205 | D        | Found a shadowy altar of Dithmenos.
   205 | D        | Found a white marble altar of Elyvilon.
   205 | D        | Found a blossoming altar of Fedhas.
   205 | D        | Found an opulent altar of Gozag.
   206 | D        | Found a hazy altar of Hepliaklqana.
   207 | D        | Found a viscous altar of Jiyva.
   208 | D        | Found an ancient bone altar of Kikubaaqudgha.
   209 | D        | Found a corrupted altar of Lugonu.
   210 | D        | Found a burning altar of Makhleb.
   211 | D        | Found a sparkling altar of Nemelex Xobeh.
   212 | D        | Found an iron altar of Okawaru.
   213 | D        | Found a stormy altar of Qazlal.
   214 | D        | Found a sacrificial altar of Ru.
   215 | D        | Found a shimmering blue altar of Sif Muna.
   216 | D        | Found a bloodstained altar of Trog.
   217 | D        | Found a hide-covered altar of Uskayaw.
   218 | D        | Found a radiant altar of Vehumet.
   219 | D        | Found an ornate altar of the Wu Jian Council.
   220 | D        | Found a shimmering altar of Xom.
   221 | D        | Found a basalt altar of Yredelemnul.
   222 | D        | Found a glowing silver altar of Zin.
   229 | D        | Found a glowing golden altar of the Shining One.
   254 | D        | Became a worshipper of Warmaster Okawaru
   315 | D        | Noticed a wyvern
   315 | D        | Noticed a kobold demonologist
   324 | D        | Noticed an ice devil
   338 | D        | Killed a kobold demonologist
   338 | D        | Reached * piety under Okawaru
   339 | D        | Reached XP level 6. HP: 7/57 MP: 6/6
   339 | D        | Reached XP level 7. HP: 8/63 MP: 7/7
   346 | D        | Killed a wyvern
   533 | D        | Noticed a boulder beetle
   533 | D        | Noticed a centaur warrior
   533 | D        | Noticed a vampire
   533 | D        | Noticed a centaur warrior
   533 | D        | Noticed a two-headed ogre
   541 | D        | Killed a two-headed ogre
   542 | D        | Reached skill level 10 in Fighting
   542 | D        | Reached XP level 8. HP: 42/74 MP: 5/8
   551 | D        | Killed a centaur warrior
   551 | D        | Reached ** piety under Okawaru
   551 | D        | Reached *** piety under Okawaru
   552 | D        | Reached skill level 10 in Staves
   552 | D        | Reached skill level 5 in Dodging
   552 | D        | Reached XP level 9. HP: 47/82 MP: 6/9
   569 | D        | Killed a centaur warrior
   569 | D        | Reached **** piety under Okawaru
   810 | D        | Killed a boulder beetle
   811 | D        | Reached XP level 10. HP: 72/92 MP: 7/10
  1006 | D        | Noticed a komodo dragon
  1006 | D        | Noticed a cane toad
  1011 | D        | Killed a cane toad
  1022 | D        | Noticed a rime drake
  1025 | D        | Killed a komodo dragon
  1025 | D        | Reached ***** piety under Okawaru
  1026 | D        | Noticed a black mamba
  1051 | D        | Killed a rime drake
  1059 | D        | Killed a black mamba
  1152 | D        | Noticed a seven-headed hydra
  1152 | D        | Noticed a black mamba
  1152 | D        | Noticed an elephant
  1152 | D        | Noticed a cane toad
  1152 | D        | Noticed a cane toad
  1155 | D        | Killed a cane toad
  1156 | D        | Reached skill level 1 in Invocations
  1156 | D        | Reached XP level 11. HP: 97/101 MP: 3/12
  1180 | D        | Killed an elephant
  1191 | D        | Killed a seven-headed hydra
  1192 | D        | Reached skill level 15 in Fighting
  1192 | D        | Reached skill level 15 in Armour
  1192 | D        | Reached skill level 5 in Invocations
  1197 | D        | Identified the +0 pair of boots of the Constellations
                  | {Str+3} (Okawaru gifted it to you in the Dungeon)
  1197 | D        | Received a gift from Okawaru
  1378 | D        | Noticed an elephant
  1378 | D        | Noticed an elephant
  1378 | D        | Noticed an elephant
  1378 | D        | Noticed a dire elephant
  1378 | D        | Noticed an elephant
  1378 | D        | Noticed an elephant
  1384 | D        | Killed an elephant
  1385 | D        | Noticed an elephant
  1389 | D        | Noticed an elephant
  1397 | D        | Killed a dire elephant
  1405 | D        | Killed an elephant
  1413 | D        | Killed an elephant
  1419 | D        | Killed an elephant
  1428 | D        | Killed an elephant
  1435 | D        | Killed an elephant
  1442 | D        | Killed an elephant
  1443 | D        | Reached skill level 15 in Staves
  1443 | D        | Reached XP level 12. HP: 81/112 MP: 18/18
  1635 | D        | Noticed Psyche
  1642 | D        | Killed Psyche
  2087 | D        | Found Uhedigor's General Store.
  2087 | D        | Noticed a two-headed ogre
  2087 | D        | Noticed a two-headed ogre
  2087 | D        | Noticed a two-headed ogre
  2097 | D        | Killed a two-headed ogre
  2098 | D        | Noticed an ogre mage
  2106 | D        | Killed a two-headed ogre
  2107 | D        | Found Gyroank's Antique Weapon Shop.
  2110 | D        | Killed a two-headed ogre
  2116 | D        | Found Ozxeuggu's Antique Weapon Boutique.
  2119 | D        | Noticed a two-headed ogre
  2121 | D        | Killed an ogre mage
  2121 | D        | Received a gift from Okawaru
  2124 | D        | Noticed a two-headed ogre
  2127 | D        | Found Upoczaff's Distillery.
  2127 | D        | Noticed a two-headed ogre
  2135 | D        | Killed a two-headed ogre
  2143 | D        | Killed a two-headed ogre
  2144 | D        | Noticed a two-headed ogre
  2148 | D        | Killed a two-headed ogre
  2155 | D        | Killed a two-headed ogre
  2155 | D        | Reached ****** piety under Okawaru
  2156 | D        | Reached XP level 13. HP: 88/123 MP: 15/19
  2216 | D        | Bought a scroll of identify for 28 gold pieces
  2222 | D        | Bought a potion of curing for 30 gold pieces
  2222 | D        | Bought a potion of mutation for 80 gold pieces
  2222 | D        | Bought a potion of curing for 30 gold pieces
  2222 | D        | Bought a potion of attraction for 30 gold pieces
  2226 | D        | Bought an ichor-stained war axe for 195 gold pieces
  2226 | D        | Identified the +7 war axe "Zalinec" {holy, rC+ rN+ Str-4}
                  | (You bought it in a shop in the Dungeon)
  2449 | D        | Noticed Gastronok
  2467 | D        | Killed Gastronok
  2467 | D        | Identified the +1 quarterstaff of Cowardice {vorpal, +Rage
                  | Str+3 Stlth+} (Okawaru gifted it to you in the Dungeon)
  2467 | D        | Received a gift from Okawaru
  2541 | D        | Got the +10 plate armour of Agiwk {MP+9}
  2631 | D        | Noticed a purple very ugly thing
  2643 | D        | Noticed an ettin
  2653 | D        | Reached skill level 10 in Shields
  2656 | D        | Killed a purple very ugly thing
  2678 | D        | Killed an ettin
  2679 | D        | Noticed a stone giant
  2688 | D        | Received a gift from Okawaru
  2697 | D        | Killed a stone giant
  2990 | D        | Noticed Rupert
  3015 | D        | Killed Rupert
  3152 | D        | Noticed a ghost crab
  3152 | D        | Noticed a shambling mangrove
  3152 | D        | Noticed a four-headed hydra
  3161 | D        | Killed a four-headed hydra
  3176 | D        | Noticed a bunyip
  3179 | D        | Killed a shambling mangrove
  3199 | D        | Killed a ghost crab
  3200 | D        | Reached XP level 14. HP: 126/135 MP: 20/20
  3204 | D        | Killed a bunyip
  3255 | D        | Noticed an entropy weaver
  3269 | D        | Received a gift from Okawaru
  3280 | D        | Killed an entropy weaver
  3305 | D        | Noticed a nagaraja
  3319 | D        | Killed a nagaraja
  3694 | D        | Reached skill level 15 in Shields
  3912 | D        | Noticed Azrael
  3923 | D        | Killed Azrael
  3950 | D        | Noticed Erica
  3959 | D        | Killed Erica
  3969 | D        | Noticed Nessos
  3989 | D        | Killed Nessos
  4167 | D        | Noticed Saint Roka
  4208 | D        | Killed Saint Roka
  4208 | D        | Received a gift from Okawaru
  4208 | D        | Received a gift from Okawaru
  4394 | D        | Noticed a frost giant
  4394 | D        | Noticed a stone giant
  4410 | D        | Killed a stone giant
  4411 | D        | Reached XP level 15. HP: 146/146 MP: 21/21
  4435 | D        | Killed a frost giant
  4810 | D        | Noticed an ironbound preserver
  4810 | D        | Noticed a vault warden
  4822 | D        | Killed a vault warden
  4828 | D        | Killed an ironbound preserver
  4828 | D        | Identified the +2 pair of gloves of Cynicism {rF++ Str+2
                  | Dex-2 Stlth+} (Okawaru gifted it to you in the Dungeon)
  4828 | D        | Received a gift from Okawaru
  4828 | D        | Noticed an ironbound preserver
  4829 | D        | Noticed an orc warlord
  4858 | D        | Noticed a vault warden
  4868 | D        | Killed an ironbound preserver
  4877 | D        | Killed an orc warlord
  4878 | D        | Noticed an ironbound preserver
  4879 | D        | Noticed a green very ugly thing
  4886 | D        | Noticed a sphinx
  4890 | D        | Noticed a vault warden
  4904 | D        | Killed a vault warden
  4917 | D        | Killed an ironbound preserver
  4932 | D        | Killed a green very ugly thing
  4945 | D        | Killed a sphinx
  4952 | D        | Killed a vault warden
  4953 | D        | Reached XP level 16. HP: 66/162 MP: 22/22
  5244 | D        | Noticed Nikola
  5261 | D        | Killed Nikola
  5290 | D        | Noticed Mara
  5321 | D        | Noticed Arum's illusion
  5331 | D        | Killed Mara
  5366 | D        | Noticed Frederick
  5387 | D        | Killed Frederick
  5387 | D        | Identified the -7 tower shield of Toothy Salvation {Harm
                  | rPois rF+ Int+4} (Okawaru gifted it to you in the Dungeon)
  5387 | D        | Received a gift from Okawaru
  5617 | D        | Reached skill level 27 in Fighting
  5630 | D        | Reached skill level 27 in Armour
  5733 | D        | Got a gossamer rune of Zot
  5954 | D        | Noticed a nagaraja
  5955 | D        | Noticed a nagaraja
  5963 | D        | Killed a nagaraja
  5966 | D        | Noticed a nagaraja
  5972 | D        | Noticed a nagaraja
  5987 | D        | Reached skill level 10 in Dodging
  5992 | D        | Killed a nagaraja
  6001 | D        | Killed a nagaraja
  6013 | D        | Killed a nagaraja
  6013 | D        | Received a gift from Okawaru
  6024 | D        | Reached XP level 17. HP: 157/174 MP: 23/23
  6043 | D        | Got a serpentine rune of Zot
  6557 | D        | Got a decaying rune of Zot
  6566 | D        | Noticed Ilsuiw
  6619 | D        | Killed Ilsuiw
  6672 | D        | Reached skill level 15 in Dodging
  6701 | D        | Got a barnacled rune of Zot
  6868 | D        | Noticed Kirke
  6873 | D        | Noticed a tengu reaver
  6882 | D        | Killed Kirke
  6882 | D        | Received a gift from Okawaru
  6891 | D        | Killed a tengu reaver
  6899 | D        | Noticed Sojobo
  6900 | D        | Noticed a tengu reaver
  6928 | D        | Killed Sojobo
  6940 | D        | Killed a tengu reaver
  7288 | D        | Reached XP level 18. HP: 179/182 MP: 24/24
  7343 | D        | Received a gift from Okawaru
  7471 | D        | Reached skill level 27 in Shields
  7486 | D        | Identified the +8 long sword of War {spect, rElec Will-
                  | Str+2 Stlth+}
  7534 | D        | Noticed a lich
  7581 | D        | Killed a lich
  7582 | D        | Reached skill level 5 in Throwing
  7797 | D        | Noticed a titan
  7819 | D        | Killed a titan
  7836 | D        | Received a gift from Okawaru
  7848 | D        | Reached skill level 10 in Throwing
  7894 | D        | Got a silver rune of Zot
  7897 | D        | Identified the amulet of Fizuriquc {Spirit rC+ Str+6 Int+8
                  | Dex-2}
  8175 | D        | Noticed Margery
  8185 | D        | Reached skill level 1 in Evocations
  8202 | D        | Killed Margery
  8203 | D        | Reached skill level 5 in Evocations
  8217 | D        | Reached skill level 1 in Polearms
  8333 | D        | Got the amulet of Ewirer {Faith rF++}
  8335 | D        | Got the ring of Maoqath {rC++ SInv}
  8337 | D        | Got the ring "Zioch" {rElec rPois rC+ Dex+2 Stlth+}
  8339 | D        | Got the ring "Kextuof" {rF- rCorr Str+2 Int+3 Slay+3}
  8341 | D        | Got the amulet "Zecryfri" {Acrobat +Blink Regen+ Str+3}
  8361 | D        | Got the +3 shadow dragon scales "Nisozuz" {-Cast +Inv rF+++
                  | Regen+ Stlth++++}
  8398 | D        | Gained mutation: You passively dampen the noise of your
                  | surroundings. [potion of mutation]
  8398 | D        | Gained mutation: You are frail. (-10% HP) [potion of
                  | mutation]
  8398 | D        | Gained mutation: You passively map a small area around you.
                  | [potion of mutation]
  8398 | D        | Gained mutation: Your mind is acute. (Int +2) [potion of
                  | mutation]
  8501 | D        | Lost mutation: You are frail. (-10% HP) [potion of
                  | mutation]
  8501 | D        | Lost mutation: Your mind is acute. (Int +2) [potion of
                  | mutation]
  8501 | D        | Lost mutation: You passively map a small area around you.
                  | [potion of mutation]
  8501 | D        | Gained mutation: You expend magic power (3 MP) to
                  | strengthen your wands. [potion of mutation]
  8501 | D        | Gained mutation: Your spells are a little harder to cast,
                  | but a little more powerful. [potion of mutation]
  8502 | D        | Lost mutation: Your spells are a little harder to cast, but
                  | a little more powerful. [potion of mutation]
  8502 | D        | Lost mutation: You expend magic power (3 MP) to strengthen
                  | your wands. [potion of mutation]
  8502 | D        | Gained mutation: You are clumsy. (Dex -2) [potion of
                  | mutation]
  8502 | D        | Gained mutation: You are weak. (Str -2) [potion of
                  | mutation]
  8502 | D        | Gained mutation: Your flesh is cold resistant. (rC+)
                  | [potion of mutation]
  8578 | D        | Noticed Jory
  8625 | D        | Killed Jory
  8626 | D        | Reached XP level 19. HP: 91/189 MP: 9/25
  8751 | D        | Reached skill level 5 in Polearms
  8764 | D        | Received a gift from Okawaru
  8846 | D        | Reached skill level 10 in Polearms
  8864 | D        | Reached skill level 10 in Evocations
  8917 | D        | Noticed a tentacled monstrosity
  8917 | D        | Noticed a tentacled monstrosity
  8917 | D        | Noticed a tentacled monstrosity
  8933 | D        | Killed a tentacled monstrosity
  8934 | D        | Reached skill level 15 in Throwing
  8940 | D        | Killed a tentacled monstrosity
  8952 | D        | Killed a tentacled monstrosity
  8972 | D        | Noticed a tentacled monstrosity
  9011 | D        | Killed a tentacled monstrosity
  9023 | D        | Received a gift from Okawaru
  9024 | D        | Reached skill level 15 in Polearms
  9063 | D        | Noticed a tentacled monstrosity
  9063 | D        | Noticed a tentacled monstrosity
  9063 | D        | Noticed an electric golem
  9087 | D        | Killed a tentacled monstrosity
  9089 | D        | Noticed a golden dragon
  9094 | D        | Killed a tentacled monstrosity
  9104 | D        | Identified the +1 pair of boots "Sooz" {rN+ Str-4 Dex+9}
                  | (Okawaru gifted it to you in the Dungeon)
  9104 | D        | Received a gift from Okawaru
  9111 | D        | Killed a golden dragon
  9121 | D        | Killed an electric golem
  9122 | D        | Reached XP level 20. HP: 113/197 MP: 11/26
  9132 | D        | Reached skill level 15 in Evocations
  9770 | D        | Received a gift from Okawaru
 10104 | D        | Noticed a golden dragon
 10104 | D        | Noticed a tentacled monstrosity
 10105 | D        | Noticed a tentacled monstrosity
 10117 | D        | Killed a golden dragon
 10118 | D        | Reached XP level 21. HP: 173/204 MP: 21/27
 10124 | D        | Noticed an electric golem
 10168 | D        | Killed an electric golem
 10169 | D        | Reached skill level 27 in Dodging
 10411 | D        | Received a gift from Okawaru
 10438 | D        | Received a gift from Okawaru
 10474 | D        | Received a gift from Okawaru
 10712 | D        | Identified the +6 chain mail of Joy {+Blink Will+} (Okawaru
                  | gifted it to you in the Dungeon)
 10712 | D        | Received a gift from Okawaru
 10824 | D        | Reached skill level 27 in Polearms
 10893 | D        | Noticed Jory
 10914 | D        | Killed Jory
 11033 | D        | Lost mutation: You are clumsy. (Dex -2) [potion of
                  | mutation]
 11033 | D        | Lost mutation: You are weak. (Str -2) [potion of mutation]
 11033 | D        | Gained mutation: You are agile. (Dex +2) [potion of
                  | mutation]
 11059 | D        | Got the amulet "Zecryfri" {Acrobat +Blink Regen+ Str+3}
 11066 | D        | Got the ring "Kextuof" {rF- rCorr Str+2 Int+3 Slay+3}
 11069 | D        | Got the ring "Zioch" {rElec rPois rC+ Dex+2 Stlth+}
 11072 | D        | Got the ring of Maoqath {rC++ SInv}
 11075 | D        | Got the amulet of Ewirer {Faith rF++}
 11112 | D        | Noticed Margery
 11130 | D        | Killed Margery
 11222 | D        | Reached XP level 22. HP: 138/212 MP: 17/28
 11245 | D        | Identified the amulet of Fizuriquc {Spirit rC+ Str+6 Int+8
                  | Dex-2}
 11270 | D        | Got a silver rune of Zot
 11413 | D        | Received a gift from Okawaru
 11452 | D        | Identified the +8 long sword of War {spect, rElec Will-
                  | Str+2 Stlth+}
 11455 | D        | Reached skill level 5 in Stealth
 11459 | D        | Received a gift from Okawaru
 11523 | D        | Reached skill level 27 in Evocations
 11606 | D        | Reached skill level 10 in Invocations
 11615 | D        | Reached skill level 10 in Stealth
 11629 | D        | Reached skill level 27 in Throwing
 11726 | D        | Received a gift from Okawaru
 11813 | D        | Noticed Sojobo
 11839 | D        | Killed Sojobo
 11840 | D        | Reached skill level 15 in Stealth
 11840 | D        | Reached skill level 15 in Invocations
 12083 | D        | Noticed Kirke
 12106 | D        | Killed Kirke
 12149 | D        | Noticed Ilsuiw
 12173 | D        | Killed Ilsuiw
 12232 | D        | Got a barnacled rune of Zot
 12266 | D        | Received a gift from Okawaru
 12289 | D        | Got a decaying rune of Zot
 12323 | D        | Reached XP level 23. HP: 219/219 MP: 36/36
 12329 | D        | Received a gift from Okawaru
 12390 | D        | Got a serpentine rune of Zot
 12477 | D        | Got a gossamer rune of Zot
 12765 | D        | Noticed Frederick
 12776 | D        | Killed Frederick
 12806 | D        | Noticed Frederick
 12823 | D        | Killed Frederick
 12863 | D        | Noticed Mara
 12869 | D        | Noticed Arum's illusion
 12935 | D        | Killed Mara
 12993 | D        | Noticed Nikola
 13009 | D        | Killed Nikola
 13349 | D        | Reached skill level 27 in Staves
 13415 | D        | Received a gift from Okawaru
 13419 | D        | Reached skill level 27 in Stealth
 13480 | D        | Noticed Saint Roka
 13503 | D        | Killed Saint Roka
 13504 | D        | Reached skill level 27 in Invocations
 13639 | D        | Noticed Nessos
 13660 | D        | Killed Nessos
 13660 | D        | Received a gift from Okawaru
 13664 | D        | Noticed Erica
 13672 | D        | Killed Erica
 13676 | D        | Noticed Azrael
 13680 | D        | Reached skill level 5 in Spellcasting
 13682 | D        | Reached skill level 5 in Maces & Flails
 13682 | D        | Reached skill level 5 in Unarmed Combat
 13690 | D        | Killed Azrael
 13763 | D        | Reached XP level 24. HP: 227/227 MP: 40/40
 13848 | D        | Reached skill level 10 in Maces & Flails
 13848 | D        | Reached skill level 10 in Unarmed Combat
 13848 | D        | Reached skill level 10 in Spellcasting
 13913 | D        | Noticed Rupert
 13928 | D        | Killed Rupert
 14135 | D        | Noticed Gastronok
 14147 | D        | Killed Gastronok
 14219 | D        | Found Upoczaff's Distillery.
 14224 | D        | Found Ozxeuggu's Antique Weapon Boutique.
 14234 | D        | Found Gyroank's Antique Weapon Shop.
 14236 | D        | Found Uhedigor's General Store.
 14414 | D        | Bought a potion of curing for 30 gold pieces
 14414 | D        | Bought a potion of mutation for 80 gold pieces
 14414 | D        | Bought a potion of curing for 30 gold pieces
 14414 | D        | Bought a potion of attraction for 30 gold pieces
 14475 | D        | Noticed Psyche
 14482 | D        | Killed Psyche
 14578 | D        | Reached skill level 15 in Unarmed Combat
 14578 | D        | Reached skill level 15 in Spellcasting
 14585 | D        | Reached skill level 15 in Maces & Flails
 14654 | D        | Received a gift from Okawaru
 14876 | D        | Found a glowing golden altar of the Shining One.
 14876 | D        | Found a glowing silver altar of Zin.
 14876 | D        | Found a basalt altar of Yredelemnul.
 14876 | D        | Found a shimmering altar of Xom.
 14876 | D        | Found an ornate altar of the Wu Jian Council.
 14876 | D        | Found a radiant altar of Vehumet.
 14877 | D        | Found a hide-covered altar of Uskayaw.
 14878 | D        | Found a bloodstained altar of Trog.
 14879 | D        | Found a shimmering blue altar of Sif Muna.
 14880 | D        | Found a sacrificial altar of Ru.
 14881 | D        | Found a stormy altar of Qazlal.
 14882 | D        | Found an iron altar of Okawaru.
 14883 | D        | Found a sparkling altar of Nemelex Xobeh.
 14884 | D        | Found a burning altar of Makhleb.
 14885 | D        | Found a corrupted altar of Lugonu.
 14886 | D        | Found an ancient bone altar of Kikubaaqudgha.
 14893 | D        | Found a viscous altar of Jiyva.
 14894 | D        | Found a hazy altar of Hepliaklqana.
 14895 | D        | Found an opulent altar of Gozag.
 14896 | D        | Found a blossoming altar of Fedhas.
 14897 | D        | Found a white marble altar of Elyvilon.
 14898 | D        | Found a shadowy altar of Dithmenos.
 14899 | D        | Found a snail-covered altar of Cheibriados.
 14927 | D        | Fell from the grace of Okawaru
 14927 | D        | Became a worshipper of the Shining One
 14951 | D        | Reached * piety under the Shining One
 16483 | D        | Reached ** piety under the Shining One
 16530 | D        | Reached *** piety under the Shining One
 16556 | D        | Reached **** piety under the Shining One
 16579 | D        | Got a gossamer rune of Zot
 16618 | D        | Reached ***** piety under the Shining One
 16661 | D        | Got a serpentine rune of Zot
 16708 | D        | Got a decaying rune of Zot
 16716 | D        | Noticed Ilsuiw
 16741 | D        | Killed Ilsuiw
 16794 | D        | Got a barnacled rune of Zot
 16896 | D        | Noticed Kirke
 16896 | D        | Reached ****** piety under the Shining One
 16906 | D        | Killed Kirke
 16907 | D        | Reached XP level 25. HP: 234/234 MP: 47/47
 16908 | D        | Was placed under penance by the Shining One
 17244 | D        | Noticed Sojobo
 17244 | D        | Was forgiven by the Shining One
 17261 | D        | Killed Sojobo
 17472 | D        | Gained mutation: Your magical capacity is low. (-10% MP) [a
                  | shining eye]
 17493 | D        | Lost mutation: You are agile. (Dex +2) [potion of mutation]
 17493 | D        | Gained mutation: You are frail. (-10% HP) [potion of
                  | mutation]
 17494 | D        | Lost mutation: You are frail. (-10% HP) [potion of
                  | mutation]
 17494 | D        | Lost mutation: You passively dampen the noise of your
                  | surroundings. [potion of mutation]
 17494 | D        | Lost mutation: Your flesh is cold resistant. (rC+) [potion
                  | of mutation]
 17494 | D        | Gained mutation: Your flesh is cold resistant. (rC+)
                  | [potion of mutation]
 17494 | D        | Gained mutation: You are frail. (-10% HP) [potion of
                  | mutation]
 17494 | D        | Gained mutation: Your muscles are strong. (Str +2) [potion
                  | of mutation]
 17519 | D        | Identified the +8 long sword of War {spect, rElec Will-
                  | Str+2 Stlth+}
 17755 | D        | Got a silver rune of Zot
 17758 | D        | Identified the amulet of Fizuriquc {Spirit rC+ Str+6 Int+8
                  | Dex-2}
 17814 | D        | Noticed Margery
 17836 | D        | Killed Margery
 17909 | D        | Got the amulet of Ewirer {Faith rF++}
 17911 | D        | Got the ring of Maoqath {rC++ SInv}
 17913 | D        | Got the ring "Zioch" {rElec rPois rC+ Dex+2 Stlth+}
 17915 | D        | Got the ring "Kextuof" {rF- rCorr Str+2 Int+3 Slay+3}
 17917 | D        | Got the amulet "Zecryfri" {Acrobat +Blink Regen+ Str+3}
 17981 | D        | Lost mutation: Your muscles are strong. (Str +2) [potion of
                  | mutation]
 17981 | D        | Lost mutation: You are frail. (-10% HP) [potion of
                  | mutation]
 17981 | D        | Gained mutation: Your flesh is heat resistant. (rF+)
                  | [potion of mutation]
 17981 | D        | Gained mutation: You have very sharp teeth. [potion of
                  | mutation]
 17981 | D        | Gained mutation: You expend magic power (3 MP) to
                  | strengthen your wands. [potion of mutation]
 18063 | D        | Noticed Jory
 18074 | D        | Killed Jory
 18258 | D        | Reached XP level 26. HP: 242/242 MP: 47/48
 18308 | D        | Reached skill level 27 in Maces & Flails
 18317 | D        | Reached skill level 27 in Unarmed Combat
 18317 | D        | Reached skill level 27 in Spellcasting
 18317 | D        | Reached skill level 1 in Axes
 18317 | D        | Reached skill level 1 in Crossbows
 18348 | D        | Reached skill level 5 in Axes
 18348 | D        | Reached skill level 5 in Slings
 18348 | D        | Reached skill level 5 in Crossbows
 18378 | D        | Reached skill level 10 in Slings
 18434 | D        | Reached skill level 10 in Crossbows
 18439 | D        | Reached skill level 10 in Axes
 18489 | D        | Learned a level 3 spell: Summon Guardian Golem
 18664 | D        | Reached skill level 15 in Slings
 18693 | D        | Reached skill level 15 in Axes
 18693 | D        | Reached skill level 15 in Crossbows
 18812 | D        | Noticed an ancient lich
 18818 | D        | Killed an ancient lich
 18819 | D        | Reached XP level 27. HP: 182/249 MP: 34/48
 18950 | D        | Noticed an orb of fire
 18956 | D        | Gained mutation: Armour fits poorly on your strangely
                  | shaped body. [an orb of fire]
 18959 | D        | Killed an orb of fire
 19205 | D        | Noticed an orb of fire
 19212 | D        | Noticed an ancient lich
 19221 | D        | Killed an orb of fire
 19223 | D        | Noticed an orb of fire
 19237 | D        | Noticed an orb of fire
 19241 | D        | Killed an ancient lich
 19249 | D        | Gained mutation: You are dopey. (Int -2) [an orb of fire]
 19252 | D        | Gained mutation: Your magical capacity is very low. (-20%
                  | MP) [an orb of fire]
 19253 | D        | Gained mutation: Your body sometimes deteriorates upon
                  | taking damage. [an orb of fire]
 19260 | D        | Killed an orb of fire
 19273 | D        | Gained mutation: Your magical capacity is extremely low.
                  | (-30% MP) [an orb of fire]
 19289 | D        | Gained mutation: Your body often deteriorates upon taking
                  | damage. [an orb of fire]
 19292 | D        | Killed an orb of fire
 19297 | D        | Noticed an ancient lich
 19325 | D        | Killed an ancient lich
 19615 | D        | Lost mutation: You are dopey. (Int -2) [potion of mutation]
 19615 | D        | Lost mutation: Your flesh is heat resistant. (rF+) [potion
                  | of mutation]
 19615 | D        | Lost mutation: Your body often deteriorates upon taking
                  | damage. [potion of mutation]
 19615 | D        | Lost mutation: Your magical capacity is extremely low.
                  | (-30% MP) [potion of mutation]
 19615 | D        | Lost mutation: Your magical capacity is very low. (-20% MP)
                  | [potion of mutation]
 19615 | D        | Gained mutation: You are agile. (Dex +2) [potion of
                  | mutation]
 19937 | D        | Reached skill level 27 in Slings
 19966 | D        | Noticed an ancient lich
 19977 | D        | Killed an ancient lich
 20111 | D        | Reached skill level 27 in Axes
 20111 | D        | Reached skill level 27 in Crossbows
 20120 | D        | Reached skill level 5 in Summonings
 20158 | D        | Reached skill level 10 in Hexes
 20166 | D        | Reached skill level 10 in Summonings
 20313 | D        | Got an elven rune of Zot
 20324 | D        | Learned a level 7 spell: Orb of Destruction
 20335 | D        | Reached skill level 1 in Conjurations
 20350 | D        | Reached skill level 5 in Conjurations
 20364 | D        | Noticed the Royal Jelly
 20370 | D        | Reached skill level 15 in Hexes
 20402 | D        | Killed the Royal Jelly
 20403 | D        | Reached skill level 10 in Conjurations
 20403 | D        | Reached skill level 15 in Summonings
 20458 | D        | Killed Kirke
 20794 | D        | Got a slimy rune of Zot
 20947 | D        | Reached skill level 15 in Conjurations
 21405 | D        | Was forgiven by Okawaru
 21782 | D        | Noticed a royal mummy
 21782 | D        | Noticed a royal mummy
 21782 | D        | Noticed a royal mummy
 21789 | D        | Noticed a royal mummy
 21797 | D        | Killed a royal mummy
 21810 | D        | Killed a royal mummy
 21832 | D        | HP: 12/249 [royal mummy/divine providence (11)]
 21834 | D        | HP: 3/249 [royal mummy/divine providence (9)]
 21836 | D        | Killed a royal mummy
 21848 | D        | Killed a royal mummy
 21853 | D        | Got a golden rune of Zot
 22285 | D        | Got an abyssal rune of Zot
 22467 | D        | Noticed Geryon
 22484 | D        | Killed Geryon
 22487 | D        | Found the +4 staff of Dispater
 22487 | D        | Noticed Dispater
 22487 | D        | Noticed Gloorx Vloq
 22487 | D        | Found the +6 sword of Cerebov {flame}
 22487 | D        | Noticed Cerebov
 22507 | D        | Killed Gloorx Vloq
 22527 | D        | Noticed Antaeus
 22534 | D        | Killed Dispater
 22605 | D        | Killed Antaeus
 22606 | D        | Reached skill level 27 in Hexes
 22630 | D        | The Shining One protects you from harm!
 22639 | D        | The Shining One protects you from harm!
 22657 | D        | Killed Cerebov
 23062 | D        | Got a dark rune of Zot
 23067 | D        | Got an iron rune of Zot
 23069 | D        | Noticed Ereshkigal
 23113 | D        | Noticed Lom Lobon
 23121 | D        | Killed Ereshkigal
 23128 | D        | HP: 5/249 [spore (42)]
 23149 | D        | Killed from afar by Lom Lobon

Illustrated notes

Levels and vault maps discovered:
D:        linesprint [early_d, line_temple, items_1, d_10, items_2, lair_1,
          lair_end, items_3, orc_1, orc_end, items_4, d_15, swamp_1, shoals_1,
          snake_1, spider_1, d_20, vaults_1, items_5, swamp_end, shoals_end,
          snake_end, spider_end, vaults_end, d_27, items_6, zot_1, zot_end,
          crypt_end, forest_end, elf_end, slime_end, tomb_end, abyss_end,
          pan_hell_end]

Skill      XL: |  1  2  3  4  5  6  7  8  9 10 11 12 13 14 15 16 17 18 19 20 21 22 23 24 25 26 27 |
---------------+----------------------------------------------------------------------------------+-----
Shields        | 4 6 9 12 15 19 25 27 | 27.0
Fighting       | 6 8 10 11 13 14 16 18 20 22 25 27 | 27.0
Armour         | 6 8 11 13 14 16 18 20 22 25 27 | 27.0
Staves         | 5 7 9 10 12 13 15 16 18 20 23 27 | 27.0
Dodging        | 4 5 11 18 23 25 26 27 | 27.0
Invocations    | 1 8 18 27 | 27.0
Throwing       | 13 17 20 25 27 | 27.0
Evocations     | 6 14 19 24 27 | 27.0
Polearms       | 4 17 23 27 | 27.0
Stealth        | 19 27 | 27.0
Maces & Flails | 7 20 26 27 | 27.0
Unarmed Combat | 7 20 26 27 | 27.0
Spellcasting   | 7 20 26 27 | 27.0
Axes           | 19 27 | 27.0
Slings         | 20 27 | 27.0
Crossbows      | 19 27 | 27.0
Hexes          | 27 | 27.0
Summonings     | 26 | 26.0
Conjurations   | 22 | 22.9

Action                   |  1- 3 |  4- 6 |  7- 9 | 10-12 | 13-15 | 16-18 | 19-21 | 22-24 | 25-27 || total
-------------------------+-------+-------+-------+-------+-------+-------+-------+-------+-------++-------
Melee: Quarterstaff      |    18 |    27 |    56 |   291 |   636 |  1018 |       |       |       ||  2046
       Lance             |       |       |       |       |       |    42 |   815 |  1602 |  1897 ||  4356
       Bite              |       |       |       |       |       |       |       |       |   310 ||   310
Throw: Javelin           |       |       |       |       |       |       |       |       |     1 ||     1
 Cast: Summon Guardian G |       |       |       |       |       |       |       |       |     2 ||     2
Invok: Heroism           |       |       |     3 |     8 |    14 |    14 |     7 |     1 |       ||    47
       Finesse           |       |       |       |     4 |    12 |    13 |     7 |     1 |       ||    37
       Cleansing Flame   |       |       |       |       |       |       |       |       |    12 ||    12
       Divine Shield     |       |       |       |       |       |       |       |       |     3 ||     3
       Summon Divine War |       |       |       |       |       |       |       |       |     2 ||     2
Evoke: Wand              |       |     1 |       |       |     6 |     3 |       |       |     2 ||    12
  Use: Potion            |     1 |       |     1 |       |     2 |     9 |     1 |       |    22 ||    36
       Scroll            |       |       |       |     2 |       |     5 |     4 |     4 |     6 ||    21
 Stab: Sleeping          |       |       |       |       |       |       |     5 |    24 |       ||    29
       Distracted        |       |       |       |       |       |       |       |     2 |       ||     2
Armor: Scale mail        |     6 |     2 |       |       |       |       |       |       |       ||     8
       Chain mail        |       |     5 |    15 |    31 |       |       |       |       |       ||    51
       Plate armour      |       |       |       |     6 |    71 |   108 |       |       |       ||   185
       Shadow dragon sca |       |       |       |       |       |     1 |    17 |       |       ||    18
       Gold dragon scale |       |       |       |       |       |       |    53 |    91 |   204 ||   348
Dodge: Dodged            |     6 |     5 |    11 |    46 |    45 |    67 |    84 |   150 |   234 ||   648
Block: Kite shield       |     8 |    11 |    22 |    67 |     2 |       |       |       |       ||   110
       Tower shield      |       |       |       |       |   231 |   402 |   279 |   607 |   995 ||  2514
